 Dungeon Crawl Stone Soup version 0.27.0-1-g7a089689b8 (webtiles) character file.

Game seed: 13115566641808003735

99 Lochraine the Firebug (level 4, -7/27 HPs)
             Began as an Octopode Fire Elementalist on Aug 6, 2021.
             Killed by nerve-wracking pain
             ... invoked by Grinder
              (13 damage)
             ... on level 3 of the Dungeon.
             The game lasted 00:05:43 (2658 turns).

Lochraine the Firebug (Octopode Fire Elementalist)  Turns: 2658, Time: 00:05:44

Health: -7/27      AC:  1    Str:  7    XL:     4   Next: 72%
Magic:  5/8        EV: 13    Int: 18    God:
Gold:   74         SH:  0    Dex: 12    Spells: 8/9 levels left

rFire    . . .     SeeInvis .   a - +1 whip (venom)
rCold    . . .     Faith    .   (no shield)
rNeg     . . .     Spirit   .   (helmet restricted)
rPois    .         Reflect  .   (no amulet)
rElec    .         Harm     .   (no ring)
rCorr    .         Rampage  .   (no ring)
Will     .....                  (no ring)
Stlth    +++.......             (no ring)
HPRegen  0.09/turn              (no ring)
MPRegen  0.11/turn              (no ring)
                                (no ring)
                                (no ring)

@: flying, very slightly contaminated
A: almost no armour, amphibious, 8 rings, camouflage 1, gelatinous body 1,
(nimble swimmer 1), tentacles
a: no special abilities


You were on level 3 of the Dungeon.
You visited 1 branch of the dungeon, and saw 3 of its levels.

You collected 74 gold pieces.

Inventory:

Hand Weapons
 a - a +1 whip of venom (weapon)
Scrolls
 b - a scroll of fog {unknown}
 c - a scroll of fear {unknown}
 g - a scroll of identify
Potions
 d - a potion of lignification
 e - a potion of resistance {unknown}
 f - a potion of flight
 h - a potion of brilliance {unknown}


   Skills:
 - Level 2.0 Dodging
 - Level 2.6 Stealth
 + Level 3.0 Spellcasting
 + Level 2.4 Conjurations
 + Level 3.9 Fire Magic


You had 8 spell levels left.
You knew the following spells:

 Your Spells              Type           Power      Damage    Failure   Level
a - Foxfire               Conj/Fire      56%        2x1d6     4%          1

Your spell library contained the following spells:

 Spells                   Type           Power      Damage    Failure   Level
 Conjure Flame            Conj/Fire      14%        6-21      13%         3
 Inner Flame              Hex/Fire       9%         N/A       22%         3
 Sticky Flame             Conj/Fire      14%        2d4       41%         4
 Gell's Gravitas          Tloc           1%         N/A       43%         3
 Lesser Beckoning         Tloc           1%         N/A       43%         3
 Teleport Other           Tloc           2%         N/A       43%         3
 Fireball                 Conj/Fire      7%         3d5       77%         5
 Alistair's Intoxication  Tmut/Pois      1%         N/A       99%         5
 Borgnjor's Vile Clutch   Necr/Erth      1%         N/A       99%         5
 Eringya's Noxious Bog    Tmut/Pois      1%         N/A       100%        6


Dungeon Overview and Level Annotations

Branches:
Dungeon (3/15)

Altars:
Kikubaaqudgha

Shops:
D:1 !

Annotations:
D:3 Grinder


Innate Abilities, Weirdness & Mutations

You cannot wear most types of armour.
You are amphibious.
You can wear up to eight rings at the same time.
Your skin changes colour to match your surroundings (Stealth+).
Your rubbery body absorbs attacks. (AC +1, EV +1)
((You are camouflaged near water. (Stealth+)))
You have tentacles for arms and can constrict up to eight enemies at once.


Message History

Grinder is nearby!
Grinder says, "There's only one good use for a tongue: cutting it out."
Grinder gestures at you. You resist with significant effort.
Casting: Foxfire (safe; 4% risk of failure)
Confirm with . or Enter, or press ? or * to list all spells.
You miscast Foxfire.
You are very lightly contaminated with residual magic.
Nothing appears to happen.
Casting: Foxfire (safe; 4% risk of failure)
Confirm with . or Enter, or press ? or * to list all spells.
You conjure some foxfire!
The foxfire hits Grinder.
Grinder is lightly wounded.
Grinder gestures at you. Pain shoots through your body!
Your foxfire dissipates!
Grinder blinks!
Casting: Foxfire (safe; 4% risk of failure)
Confirm with . or Enter, or press ? or * to list all spells.
You miscast Foxfire.
Nothing appears to happen.
Grinder gestures at you. Pain shoots through your body!
* * * LOW HITPOINT WARNING * * *
As you read the scroll labelled QEREEN FUNUF, it crumbles to dust.
It is a scroll of identify.
d - a potion of lignification Really quaff the potion of lignification?
Okay, then.
Okay, then.
You aren't carrying any items that you can evoke.
Unknown command.
Unknown command.
Unknown command.
It was a potion of flight.
You feel very buoyant.
You fly up into the air.
Grinder gestures at you. Pain shoots through your body!
You die...

########################### ###
................@5......... ..#
######..###################.#.#
........# .#.## #####.........
... ...##...#.######## #.#
...##...#......... #.# ...##...#
#.....# #.# ........#.#.....# #.#
######..#.#.....#############.###


You could see Grinder.

Vanquished Creatures
  A jelly (D:3)
  2 adders
  3 worms
  4 bats (D:1)
  3 endoplasms
  2 giant cockroaches
  A goblin (D:1)
  8 hobgoblins
  2 quokkas
  6 ball pythons
  4 frilled lizards (D:1)
  4 kobolds
  4 rats
44 creatures vanquished.

Vanquished Creatures (others)
  60 foxfires
60 creatures vanquished.

Grand Total: 104 creatures vanquished

Notes
Turn   | Place    | Note
-------+----------+-------------------------------------------
     0 | D:1      | Lochraine the Octopode Fire Elementalist began the quest
                  | for the Orb.
     0 | D:1      | Reached XP level 1. HP: 11/11 MP: 3/3
   145 | D:1      | Reached XP level 2. HP: 17/17 MP: 0/5
   245 | D:1      | Found a faded altar of an unknown god.
   578 | D:1      | Found Ojiumeuw's Distillery.
  1210 | D:2      | Reached XP level 3. HP: 21/21 MP: 6/6
  1436 | D:2      | HP: 1/21 [poisoned by an adder]
  2063 | D:3      | Reached XP level 4. HP: 21/27 MP: 6/8
  2157 | D:3      | Noticed Grinder
  2285 | D:3      | Found an ancient bone altar of Kikubaaqudgha.
  2658 | D:3      | Killed from afar by Grinder

Illustrated notes

Levels and vault maps discovered:
D:1:      lightli_arrival_boilingwater, layout_basic, serial_shops,
          nicolae_square_shop, serial_glass, glass_columns_a, glass_columns_c,
          chequers_ecumenical_altar_grove
D:2:      layout_rooms
D:3:      layout_basic, mainiacjoe_overflow_alcove_4, tgw_xom,
          pdpol_wu_jian_five_deadly_venoms, amethyst_overflow_temple_binary,
          st_stairs_1, uniq_grinder

Skill      XL: |  1  2  3  4 |
---------------+-------------+-----
Conjurations   | 2 |  2.4
Spellcasting   | 3 |  3.0
Dodging        | |  2.0
Stealth        | |  2.6
Fire Magic     | |  3.9

Action                   |  1- 3 |  4- 6 || total
-------------------------+-------+-------++-------
Melee: Whip              |    39 |     8 ||    47
       Constrict         |    11 |     1 ||    12
       Tentacles         |     6 |     2 ||     8
 Cast: Foxfire           |    27 |     7 ||    34
  Use: Potion            |     2 |     1 ||     3
       Scroll            |       |     1 ||     1
 Stab: Sleeping          |     8 |     3 ||    11
Armor: Skin              |     2 |       ||     2
Dodge: Dodged            |    17 |     3 ||    20
